 Dungeon Crawl Stone Soup version 0.25.0-26-g0c896c7088 (webtiles) character file.

Game seed: 4783754832916570857

802 EriolAelfwine the Ruffian (level 7, -2/68 HPs)
             Began as a Troll Fighter on June 30, 2020.
             Was an Initiate of Okawaru.
             Slain by Pikel
             ... wielding a +1 whip of freezing
              (4 damage)
             ... on level 4 of the Dungeon.
             The game lasted 00:10:20 (3980 turns).

EriolAelfwine the Ruffian (Troll Fighter)           Turns: 3980, Time: 00:10:20

Health: -2/68      AC:  6    Str: 27    XL:     7   Next: 59%
Magic:  6/6        EV:  9    Int:  4    God:    Okawaru [......]
Gold:   311        SH: 12    Dex:  9    Spells: 6/6 levels left

rFire    . . .     SeeInvis .     - Unarmed
rCold    . . .     Gourm    +   v - +3 kite shield
rNeg     . . .     Faith    .   x - +0 robe
rPois    .         Spirit   .   (helmet restricted)
rElec    .         Reflect  .   (no cloak)
rCorr    .         Harm     .   (gloves unavailable)
MR       .....                  (boots unavailable)
Stlth    +.........             (no amulet)
HPRegen  0.61/turn              (no ring)
MPRegen  0.10/turn              (no ring)

@: no status effects
A: large, unfitting armour, claws 3, fast metabolism 3, gourmand, regeneration
1, shaggy fur 1, tough skin 3
a: Renounce Religion


You were on level 4 of the Dungeon.
You worshipped Okawaru.
Okawaru was noncommittal.
You were full.

You visited 2 branches of the dungeon, and saw 6 of its levels.

You collected 311 gold pieces.

Inventory:

Missiles
 w - 10 poisoned darts (quivered)
Armour
 v - a +3 kite shield (worn)
 x - a +0 robe (worn)
Jewellery
 i - an uncursed amulet of reflection {unknown}
 s - an uncursed ring of positive energy
Scrolls
 a - a scroll of identify
 k - 4 scrolls of remove curse
 q - 6 scrolls of teleportation
Potions
 c - a potion of might
 e - a potion of heal wounds
 j - a potion of ambrosia
 m - a potion of stabbing {unknown}
 n - a potion of degeneration {unknown}
 o - 2 potions of resistance {unknown}
 p - a potion of invisibility {unknown}
 t - a potion of lignification {unknown}
 z - a potion of flight {unknown}
Comestibles
 d - 11 rations


   Skills:
 + Level 3.9 Fighting
 + Level 4.0 Dodging
 + Level 4.0 Shields
 * Level 5.7 Unarmed Combat


You had 6 spell levels left.
You didn't know any spells.
Your spell library was empty.

Dungeon Overview and Level Annotations

Branches:
Dungeon (5/15)             Temple (1/1) D:4

Altars:
Ashenzari
Elyvilon
Fedhas
Gozag
Hepliaklqana
Kikubaaqudgha
Makhleb
Nemelex Xobeh
Okawaru
Ru
Yredelemnul
Zin
The Shining One

Shops:
D:5 %

Annotations:
D:4 Pikel


Innate Abilities, Weirdness & Mutations

You are too large for most types of armour.
You have claws for hands.
Your metabolism is lightning-fast.
You like to eat raw meat.
Your natural rate of healing is unusually fast.
You are covered in fur. (AC +1)
You have extremely tough skin. (AC +3)


Message History

Pikel is heavily wounded.
Pikel hits you with a +1 whip of freezing.
* * * LOW HITPOINT WARNING * * *
Pikel freezes you.
* * * LOW HITPOINT WARNING * * *
You scratch Pikel.
Pikel is heavily wounded.
Pikel hits you but does no damage.
You scratch Pikel but do no damage.
Pikel is heavily wounded.
Pikel hits you with a +1 whip of freezing.
* * * LOW HITPOINT WARNING * * *
Pikel freezes you.
* * * LOW HITPOINT WARNING * * *
You barely miss Pikel.
Pikel is heavily wounded.
Pikel hits you with a +1 whip of freezing!
* * * LOW HITPOINT WARNING * * *
Pikel freezes you.
You die...

###### ##### .....# #...# .....#
#...# .....# #...# .....###
##...# .......# ######....#
...<.#.###.....K@..# #######
.....#.#...#####...# ####.....#
.......#.### #########.....####
.....[...# #######......###...
####.[.########.^.......#### #...
#####.[.........#...##### #...
#.....##..........############...
.........#.#.....................
##########################.#.#...


You could see Pikel.

Vanquished Creatures
  A necrophage (D:5)
  A slave (D:5)
  A phantom (D:3)
  A hound (D:4)
  6 orc priests
  2 centaur skeletons (D:4)
  2 orc wizards
  Terence (D:2)
  4 worker ants
  A hound skeleton (D:5)
  3 gnolls (D:5)
  2 adders
  2 oozes
  3 worms
  2 leopard geckos
  11 orcs
  12 bats
  6 giant cockroaches
  12 hobgoblins
  4 jackals (D:5)
  9 kobolds
  2 quokkas
  A ball python (D:1)
  7 frilled lizards
  13 goblins
  2 leopard gecko skeletons
  4 rats
115 creatures vanquished.

Notes
Turn   | Place    | Note
-------+----------+-------------------------------------------
     0 | D:1      | EriolAelfwine the Troll Fighter began the quest for the
                  | Orb.
     0 | D:1      | Reached XP level 1. HP: 22/22 MP: 0/0
    68 | D:1      | Reached XP level 2. HP: 29/29 MP: 1/1
   253 | D:1      | Reached XP level 3. HP: 35/36 MP: 2/2
   789 | D:2      | Found an ancient bone altar of Kikubaaqudgha.
   839 | D:2      | Reached skill level 3 in Unarmed Combat
  1046 | D:2      | Noticed Terence
  1060 | D:2      | Killed Terence
  1060 | D:2      | Reached XP level 4. HP: 43/44 MP: 3/3
  1541 | D:3      | Noticed a phantom
  1667 | D:3      | Killed a phantom
  1667 | D:3      | Reached XP level 5. HP: 45/53 MP: 4/4
  1813 | D:3      | Found a shattered altar of Ashenzari.
  2139 | D:3      | Reached skill level 4 in Unarmed Combat
  2150 | D:3      | Reached XP level 6. HP: 45/61 MP: 5/5
  2467 | D:4      | Reached XP level 7. HP: 59/67 MP: 6/6
  2516 | D:4      | Reached skill level 5 in Unarmed Combat
  2625 | D:4      | Found a staircase to the Ecumenical Temple.
  2654 | Temple   | Entered the Ecumenical Temple
  2725 | Temple   | Became a worshipper of Warmaster Okawaru
  3252 | D:5      | Entered Level 5 of the Dungeon
  3252 | D:5      | Found Soysa's Food Boutique.
  3880 | D:5      | Found a blossoming altar of Fedhas.
  3902 | D:5      | Noticed Pikel
  3980 | D:4      | HP: 2/68 [Pikel/+1 whip of freezing (9)]
  3980 | D:4      | Slain by Pikel

Illustrated notes

Levels and vault maps discovered:
D:1:      psy_arrival_terrarium, layout_basic
D:2:      layout_basic, lemuel_crystal_altar, minmay_goblin_outpost,
          uniq_terence
D:3:      layout_basic, lemuel_doored_altar, chequers_garden,
          minmay_misc_feat_pillars
D:4:      minmay_door_path, layout_rooms, minmay_temple_entry_statues_fountains,
          first_ration, kennysheep_nondescript, minmay_misc_feat_ornament
D:5:      layout_rooms, overflow_temple_1_default,
          gammafunk_temple_overflow_pools, serial_shops, shop,
          chequers_serial_rivers_micro_d, uniq_pikel, uniq_eustachio
Temple:   jpeg_temple_clearing

Skill      XL: |  1  2  3  4  5  6  7 |
---------------+----------------------+-----
Unarmed Combat | 3 4 5 |  5.7
Fighting       | 3 |  3.9
Dodging        | 3 4 |  4.0
Shields        | 3 4 |  4.0

Action                   |  1- 3 |  4- 6 |  7- 9 || total
-------------------------+-------+-------+-------++-------
Melee: Unarmed           |   145 |   152 |    78 ||   375
Throw: Stone             |     6 |       |       ||     6
  Use: Scroll            |       |       |     9 ||     9
 Stab: Sleeping          |     1 |       |       ||     1
  Eat: Chunk             |    15 |    13 |    12 ||    40
Armor: Robe              |    45 |    34 |    14 ||    93
Dodge: Dodged            |    48 |    55 |    19 ||   122
Block: Kite shield       |    78 |    60 |    33 ||   171
